Map: 16-Bit LE

Players

soul - Winner!

  • Race: Terran Terran
  • Spawn Location: 7:00

YoGo

  • Race: Zerg Zerg
  • Spawn Location: 1:00

Event: WCS Valencia 2018

VOD

Have the link to the VOD?

Description

Time

  • Played on: July 12, 2018, 6:37 a.m.
  • Length: 12:23

All games in this series

Show
View Real Time Build Order
Export as new Build Order

soul Terran - Winner!

Build Orders: Gas First Reaper Expand, Liberator Opening, Reaper Expand, MMM Bio 

Get SALT Encoding   

  12  0:00  SCV  
  13  0:12  SCV  
  14  0:18  Supply Depot  
  14  0:25  SCV  
  15  0:32  Refinery  
  15  0:39  SCV  
  16  0:46  Barracks  
  16  0:52  SCV  
  17  1:06  SCV  
  19  1:18  SCV  
  19  1:33  Reaper  
  19  1:34  Orbital Command  
  20  1:48  Command Center  
  20  1:59  SCV  
  21  2:04  Factory  
  21  2:08  Barracks Reactor  
  21  2:12  SCV  
  22  2:17  Supply Depot  
  22  2:24  SCV, Refinery  
  23  2:38  SCV  
  24  2:49  Starport  
  24  2:50  SCV  
  25  2:53  Hellion  
  25  2:55  Hellion  
  29  3:01  Orbital Command  
  29  3:03  SCV  
  30  3:08  Barracks Tech Lab  
  30  3:15  SCV  
  30  3:18  Hellion  
  33  3:22  Hellion  
  35  3:27  SCV x2  
  37  3:37  Medivac  
  37  3:38  Barracks Reactor  
  37  3:39  SCV  
  37  3:41  Barracks Tech Lab  
  40  3:42  SCV  
  40  3:46  Supply Depot  
  41  3:51  SCV  
  42  3:56  Liberator, Factory Reactor, Barracks  
  42  3:57  SCV  
  42  3:58  Barracks  
  43  4:07  SCV  
  43  4:09  Stimpack, Marine  
  45  4:10  Supply Depot  
  48  4:19  SCV  
  50  4:27  Marine  
  50  4:32  SCV  
  50  4:33  Command Center  
  50  4:34  SCV  
  52  4:43  Factory Reactor  
  52  4:44  SCV  
  53  4:49  Engineering Bay  
  53  4:53  SCV, Engineering Bay  
  53  4:56  Marine  
  53  4:57  Marine  
  53  4:58  Marine  
  57  5:00  Marine  
  57  5:01  Marine  
  57  5:06  SCV  
  60  5:14  Marine x2  
  50  5:15  SCV  
  50  5:16  Marine  
  50  5:17  Terran Infantry Weapons Level 1  
  50  5:18  SCV, Marine  
  50  5:20  Terran Infantry Armor Level 1  
  56  5:21  Refinery  
  56  5:22  Refinery  
  56  5:27  Medivac  
  58  5:29  Marine  
  58  5:32  SCV x2, Marine  
  61  5:41  Medivac  
  61  5:42  Supply Depot  
  64  5:43  Marine  
  64  5:44  Supply Depot x2  
  64  5:45  SCV x2  
  64  5:49  Orbital Command  
  66  5:53  Marine  
  67  5:57  SCV x2  
  67  5:59  Marine  
  67  6:04  Marine x2  
  71  6:06  Marine  
  71  6:09  SCV  
  71  6:10  Combat Shields  
  71  6:11  SCV  
  75  6:19  Marine  
  75  6:20  Orbital Command  
  75  6:21  SCV  
  75  6:22  Medivac x2, Marine  
  75  6:23  SCV  
  75  6:25  Siege Tank  
  86  6:26  Marine  
  86  6:32  Marine  
  88  6:33  SCV  
  88  6:35  SCV  
  88  6:39  Marine  
  91  6:43  Barracks  
  91  6:45  SCV  
  89  6:49  Marine  
  89  6:50  SCV  
  89  6:52  Marine  
  92  6:55  Marine  
  92  6:59  SCV, Marine  
  94  7:05  Medivac x2  
  94  7:07  SCV x2, Marine  
  100  7:11  Supply Depot, SCV  
  100  7:13  Barracks  
  100  7:15  Marine  
  100  7:16  Supply Depot  
  100  7:17  Supply Depot  
  100  7:18  Marine  
  100  7:19  SCV x2, Marine  
  100  7:22  Marine  
  106  7:23  SCV  
  106  7:25  Marine  
  108  7:31  Barracks Reactor, SCV  
  108  7:33  SCV, Marine  
  108  7:36  Armory  
  111  7:40  Marine  
  111  7:42  Siege Tank  
  113  7:47  Marine x3  
  113  7:48  Supply Depot  
  113  7:49  Supply Depot  
  113  7:51  Marine  
  116  7:55  Command Center  
  116  7:57  Marine  
  116  7:58  Refinery  
  116  8:00  Refinery  
  116  8:04  Marine  
  116  8:05  Marine x2  
  120  8:09  Marine  
  121  8:13  Barracks Reactor  
  121  8:14  SCV, Siege Tank  
  121  8:15  Supply Depot  
  121  8:16  Factory, SCV  
  121  8:17  SCV, Sensor Tower  
  121  8:18  Marine  
  121  8:19  Marine x2  
  129  8:22  Marine x3  
  129  8:25  Terran Infantry Weapons Level 2, Terran Infantry Armor Level 2  
  129  8:26  SCV  
  133  8:32  Marine  
  134  8:38  Marine  
  134  8:41  Medivac x2, Marine  
  132  8:44  SCV  
  132  8:46  Marine  
  138  8:48  Thor  
  138  8:49  SCV  
  138  8:50  Marine x3  
  138  8:53  Marine  
  148  9:02  Factory Tech Lab  
  143  9:07  Terran Vehicle And Ship Armor Level 1  
  143  9:08  Marine, Barracks, Marauder  
  143  9:09  SCV, Barracks x2  
  147  9:12  SCV x2, Marine x3  
  147  9:14  Marine  
  151  9:21  SCV  
  152  9:24  SCV  
  152  9:27  Command Center  
  152  9:30  Marine x5  
  152  9:31  Marine  
  157  9:35  Marine, Marauder  
  157  9:39  Supply Depot  
  157  9:40  Supply Depot  
  157  9:43  Sensor Tower  
  157  9:44  SCV x2  
  159  9:46  Marine  
  157  9:57  Barracks Tech Lab x2, Marauder  
  157  9:58  Barracks Tech Lab, Siege Tank x2  
  164  10:06  SCV, Marine  
  166  10:09  Marine  
  166  10:10  Marine x3  
  170  10:14  Supply Depot  
  170  10:18  Marauder  
  172  10:22  SCV  
  172  10:26  Marauder  
  175  10:30  Siege Tank  
  175  10:31  Siege Tank  
  175  10:35  Marine  
  181  10:36  Marauder  
  181  10:37  Marine  
  181  10:38  Marauder  
  181  10:40  Marauder  
  181  10:42  Marine x3  
  184  10:46  Marine  
  184  10:48  Marauder  
  187  10:50  Planetary Fortress  
  187  10:52  Concussive Shells  
  187  10:57  Command Center, Marine, Marauder  
  187  10:58  Marine  
  187  10:59  Marauder  
  187  11:01  Marauder  
  187  11:03  Siege Tank, Marine  
  189  11:07  Marine  
  189  11:09  Marauder  
  192  11:12  Siege Tank, Marine x2  
  192  11:14  Marine x3  
  196  11:18  Marauder  
  196  11:21  Marine x3  
  194  11:35  Command Center, Marine  
  194  11:36  Marauder x2  
  195  11:45  Marine  
  195  11:46  Marauder  
  198  11:51  Marine  
  186  11:54  Marine, Marauder  
  186  11:59  Marine  
  186  12:00  Marine  
Show
View Real Time Build Order
Export as new Build Order

YoGo Zerg 

Build Orders: Hatch First 

Get SALT Encoding   

  12  0:00  Drone  
  13  0:12  Drone  
  14  0:20  Overlord  
  14  0:25  Extractor, Drone  
  15  0:41  Drone x2  
  17  0:55  Hatchery  
  16  0:57  Drone  
  16  1:00  Drone  
  18  1:11  Extractor  
  17  1:15  Spawning Pool  
  16  1:18  Drone  
  16  1:22  Drone  
  18  1:29  Drone  
  19  1:45  Overlord  
  19  2:02  Queen  
  19  2:03  Zergling x2  
  19  2:04  Zergling x2  
  19  2:07  Queen  
  19  2:08  Zergling x2  
  26  2:11  Metabolic Boost  
  26  2:15  Drone  
  27  2:19  Drone  
  28  2:23  Drone  
  28  2:29  Drone  
  30  2:36  Overlord  
  30  2:38  Queen  
  30  2:44  Queen  
  32  2:49  Drone x2  
  36  3:07  Drone x2  
  36  3:09  Hatchery  
  36  3:12  Drone x2  
  39  3:20  Drone x3  
  39  3:21  Drone  
  39  3:27  Overlord  
  43  3:30  Overlord  
  42  3:41  Drone x2  
  42  3:45  Queen  
  42  3:46  Queen  
  48  3:50  Drone x3  
  51  3:59  Drone x5  
  56  4:05  Overlord, Drone  
  56  4:06  Drone  
  58  4:11  Overlord  
  58  4:14  Drone  
  58  4:32  Extractor  
  58  4:34  Drone x9  
  58  4:36  Evolution Chamber x2  
  58  4:37  Drone  
  64  4:45  Zergling x4  
  64  4:52  Zergling x8  
  68  4:56  Drone x2  
  68  5:05  Drone  
  68  5:06  Drone x6  
  71  5:13  Zerg Ground Armor Level 1, Drone  
  71  5:14  Drone x2  
  72  5:20  Zerg Melee Weapons Level 1  
  72  5:22  Spore Crawler  
  72  5:24  Drone  
  72  5:25  Drone  
  73  5:33  Drone x6  
  73  5:34  Hatchery  
  78  5:38  Lair  
  78  5:47  Hatchery  
  77  5:55  Extractor x2  
  77  5:56  Extractor, Baneling Nest  
  77  5:57  Extractor  
  72  6:03  Drone x10  
  82  6:17  Overlord x2  
  82  6:21  Burrow  
  82  6:31  Spore Crawler x2  
  82  6:32  Drone  
  81  6:34  Overlord  
  81  6:35  Overlord  
  81  6:36  Drone x2  
  81  6:39  Zergling x16, Spire  
  89  6:41  Zergling x4  
  89  6:44  Zergling x2  
  88  6:47  Zergling x4  
  88  6:50  Zergling x2  
  87  6:55  Zergling x4  
  87  6:56  Zergling x4  
  91  7:03  Drone  
  91  7:04  Drone x3  
  91  7:05  Drone x3  
  97  7:10  Baneling x3  
  97  7:14  Spore Crawler  
  97  7:15  Spine Crawler  
  95  7:21  Baneling x2  
  95  7:25  Spore Crawler  
  95  7:29  Zerg Ground Armor Level 2, Zerg Melee Weapons Level 2  
  94  7:30  Centrifical Hooks  
  94  7:32  Zergling x2  
  94  7:33  Zergling x6  
  97  7:39  Drone x6  
  97  7:40  Drone  
  97  7:43  Baneling x4  
  97  7:44  Baneling x2  
  103  7:50  Zergling x2  
  103  7:51  Zergling x10  
  109  7:53  Baneling x3  
  109  7:54  Baneling x3  
  109  7:57  Zerg Flyer Weapons Level 1  
  109  8:06  Zergling x16  
  115  8:18  Zergling x8  
  108  8:37  Hatchery  
  108  8:38  Zergling x2  
  108  8:39  Zergling x30  
  111  8:45  Baneling x2  
  111  8:50  Zergling x6  
  107  9:00  Zergling x20  
  111  9:10  Baneling x6  
  111  9:14  Zergling x4  
  111  9:15  Zergling x6  
  111  9:17  Zergling x2  
  111  9:23  Zergling x8  
  111  9:24  Zergling x6  
  108  9:25  Zergling x2  
  108  9:26  Zergling x4  
  109  9:35  Zergling x6  
  111  9:56  Overlord x2  
  111  9:57  Overlord  
  111  9:58  Hatchery  
  110  10:00  Infestation Pit  
  104  10:16  Zergling x38  
  123  10:22  Hatchery  
  123  10:24  Zergling x2  
  123  10:25  Zergling x10  
  123  10:27  Baneling x6  
  125  10:40  Hive  
  119  10:44  Infestor x3  
  119  10:45  Infestor  
  119  10:46  Baneling  
  127  10:51  Neural Parasite  
  124  11:06  Zergling x22  
  135  11:13  Baneling x7  
  135  11:16  Zergling x2  
  135  11:19  Queen  
  124  11:43  Hatchery  
  124  11:44  Zergling x14  
  124  11:45  Zergling x22  
  112  11:55  Zergling x14  
  112  12:00  Baneling x2  
  115  12:02  Zergling x6  
  115  12:04  Baneling x2  
Tags
 
Add a new tag
Caveats
  • Supply blocks, unpowered buildings, or Contaminate may cause inaccurate times.
  • Supply counts are checked every 10 seconds.